Map: At Eternity's Edge LE

Players

evilbrood - Winner!

  • Race: Zerg Zerg
  • League: Diamond

VOD

Have the link to the VOD?

Description

Time

  • Played on: Sept. 11, 2026, 10:47 p.m.
  • Length: 18:11
Show
View Real Time Build Order
Export as new Build Order

evilbrood Zerg - Winner!

Build Orders:  

Get SALT Encoding   

  8  0:00  Drone  
  9  0:15  Drone  
  10  0:22  Drone  
  11  0:30  Drone  
  12  0:41  Extractor  
  12  0:42  Drone  
  12  0:57  Overlord  
  13  1:23  Drone x2  
  13  1:24  Drone  
  16  1:50  Hatchery  
  16  1:57  Drone  
  16  1:58  Drone  
  17  2:19  Spawning Pool  
  16  2:22  Extractor  
  16  2:24  Drone  
  16  2:29  Drone  
  17  2:34  Drone  
  18  2:49  Overlord  
  18  3:15  Drone  
  18  3:17  Drone  
  20  3:25  Queen  
  22  3:30  Queen  
  22  3:37  Drone x2  
  26  3:45  Drone  
  26  3:46  Drone  
  28  3:54  Extractor  
  28  3:57  Drone  
  28  3:59  Drone  
  29  4:12  Drone x2  
  31  4:39  Drone  
  32  4:41  Overlord x2  
  32  4:54  Overlord  
  32  5:01  Hatchery  
  31  5:16  Drone x3  
  31  5:17  Drone x4  
  38  5:25  Extractor  
  38  5:28  Extractor  
  36  5:37  Overlord  
  36  5:39  Overlord  
  36  5:49  Roach Warren  
  35  5:56  Evolution Chamber  
  34  6:00  Evolution Chamber  
  34  6:01  Drone x2  
  34  6:07  Drone  
  34  6:08  Drone  
  37  6:30  Drone  
  37  6:31  Drone x5  
  37  6:32  Drone  
  37  6:35  Drone  
  45  6:59  Zerg Ground Armor Level 1  
  45  7:06  Lair  
  45  7:08  Zerg Missile Weapons Level 1  
  44  7:10  Roach  
  45  7:13  Roach  
  45  7:16  Roach  
  51  7:20  Roach  
  51  7:23  Roach  
  51  7:27  Roach  
  57  7:33  Overlord  
  57  7:37  Roach  
  59  7:40  Roach  
  59  7:42  Metabolic Boost  
  59  7:47  Roach  
  59  7:48  Roach  
  65  7:51  Roach  
  65  7:57  Overlord  
  67  8:00  Overlord  
  67  8:06  Overlord  
  67  8:10  Drone  
  67  8:12  Drone  
  67  8:13  Drone  
  67  8:16  Drone  
  67  8:18  Drone  
  72  8:21  Drone  
  73  8:30  Queen  
  73  8:32  Drone  
  73  8:34  Drone  
  73  8:37  Drone  
  78  8:43  Drone x2  
  78  8:44  Drone  
  81  8:51  Drone  
  81  8:52  Drone x2  
  84  9:02  Drone x2  
  84  9:03  Drone x3  
  89  9:15  Drone x2  
  91  9:23  Infestation Pit  
  90  9:31  Drone x2  
  90  9:32  Drone x5  
  90  9:33  Drone  
  90  9:38  Extractor, Overlord  
  90  9:39  Extractor  
  96  9:41  Overlord  
  96  9:46  Zerg Ground Armor Level 2  
  96  9:49  Zerg Missile Weapons Level 2  
  96  9:51  Overlord  
  96  9:55  Overlord  
  96  9:57  Overlord  
  96  10:00  Roach  
  96  10:05  Roach  
  96  10:09  Glial Reconstitution  
  100  10:12  Roach x2  
  100  10:17  Roach  
  100  10:19  Roach  
  108  10:21  Roach  
  110  10:35  Roach  
  110  10:36  Roach x4  
  120  10:55  Roach x3, Hive  
  126  11:03  Hatchery  
  126  11:06  Roach x3  
  131  11:13  Roach  
  131  11:17  Roach x3  
  131  11:19  Overlord  
  139  11:20  Overlord x4  
  139  11:22  Drone  
  140  11:43  Overlord x3  
  140  11:49  Roach  
  142  11:50  Roach x4  
  159  12:17  Queen  
  161  12:21  Roach x3  
  161  12:22  Roach x5  
  161  12:23  Roach  
  179  12:53  Roach  
  179  12:54  Roach x5  
  179  12:55  Roach x4  
  199  13:03  Extractor  
  199  13:04  Extractor  
  199  13:09  Spire  
  172  13:58  Overlord x2  
  172  14:01  Roach  
  172  14:02  Roach x13  
  200  14:18  Queen  
  196  14:21  Queen  
  184  15:42  Roach  
  184  15:43  Roach x7  
  190  17:03  Roach  
  190  17:04  Roach x4  
Tags
 
Add a new tag
Caveats
  • Supply blocks, unpowered buildings, or Contaminate may cause inaccurate times.
  • Supply counts are checked every 10 seconds.